 Dungeon Crawl Stone Soup version 0.19.5 (webtiles) character file.

79 wolfsongas the Shield-Bearer (level 4, 0/28 HPs)
             Began as a Gargoyle Fighter on May 3, 2017.
             Slain by a hobgoblin
             ... wielding a +0 club
             ... led by Robin
              (1 damage)
             ... on level 3 of the Dungeon.
             The game lasted 00:05:54 (1849 turns).

wolfsongas the Shield-Bearer (Gargoyle Fighter)     Turns: 1849, Time: 00:05:54

Health: 0/28       AC: 11    Str: 24 (26) XL:     4   Next: 37%
Magic:  4/4        EV:  8    Int:  6 (8)  God:
Gold:   57         SH:  9    Dex:  8 (9)  Spells: 0 memorised, 3 levels left

rFire  + . .     SeeInvis .     e - +2 mace (protect)
rCold  . . .     Gourm    .     l - +2 ring mail {rF+}
rNeg   + . .     Faith    .     c - +0 shield
rPois  ∞         Spirit   .     (no helmet)
rElec  +         Reflect  .     (no cloak)
rCorr  .         Harm     .     (no gloves)
MR     .....                    (no boots)
Stlth  ..........               (no amulet)
                                (no ring)
                                (no ring)

@: mighty
A: negative energy resistance 1, electricity resistance, unbreathing,
petrification resistance, rot immunity, AC +3
a: no special abilities


You were on level 3 of the Dungeon.
You were full.

You visited 1 branch of the dungeon, and saw 3 of its levels.

You collected 57 gold pieces.

Inventory:

Hand Weapons
 a - a +0 flail
 e - a +2 mace of protection (weapon)
Armour
 b - a +0 scale mail
 c - a +0 shield (worn)
 h - a +0 plate armour
 j - a +0 plate armour
 l - a +2 ring mail of fire resistance (worn)
Scrolls
 f - a scroll of identify
 k - a scroll of enchant weapon
 m - a scroll of magic mapping
Potions
 i - a potion of flight
Comestibles
 g - 6 fruits
 n - 2 bread rations


   Skills:
 + Level 3.5 Fighting
 + Level 2.7 Maces & Flails
 + Level 3.8 Armour
 + Level 0.1 Dodging
 + Level 4.3 Shields


You had 3 spell levels left.
You didn't know any spells.

Dungeon Overview and Level Annotations

Branches:
Dungeon (3/15)

Altars:

Annotations:
D:3 Robin


Innate Abilities, Weirdness & Mutations

You are resistant to torment.
Your stone body is resilient. (AC +3)
You are immune to poison.
You resist negative energy. (rN+)
You are resistant to electric shocks. (rElec)
You can survive without breathing.
You are immune to petrification.
You are immune to rotting.


Message History

You block the goblin's attack. You block the adder's attack.
Unknown command.
You barely miss Robin.
The goblin no longer looks unusually strong.
You block the hobgoblin's attack. You block the adder's attack.
You block Robin's attack.
The goblin hits you but does no damage. x2
The hobgoblin hits you but does no damage.
Your shield prevents you from hitting Robin.
The goblin no longer looks unusually strong.
The adder closely misses you.
The hobgoblin hits the fungus.
You block Robin's attack.
The goblin hits you but does no damage. x2
The adder barely misses you.
The hobgoblin hits the fungus.
The hobgoblin hits you but does no damage.
Robin barely misses you.
You closely miss Robin.
The hobgoblin no longer looks unusually strong.
The goblin hits you but does no damage. You block the adder's attack.
You block the goblin's attack.
The hobgoblin hits the fungus.
Robin closely misses you. The hobgoblin hits you with a club.
You die...

### # #.# .#
#.##.######.###.####.
......g@gg...........
#.PPPPggS............
..P$$$Pg....##..#.##.
..P$$$P.##..# ..# #
..P$$$P.##....g...
..PPPPP###..##..#.#
....... .... ..#.#
..##... #...##g.# #
... ..... ...


You could see Robin, an adder, 3 hobgoblins and 2 goblins.

Vanquished Creatures
  2 worms (D:2)
  3 dart slugs
  6 leopard geckos
  5 bats (D:1)
  5 giant cockroaches
  9 goblins
  3 hobgoblins
  5 jackals
  A quokka (D:2)
  2 ball pythons
  4 frilled lizards (D:2)
  6 kobolds
  5 rats
56 creatures vanquished.

Vanquished Creatures (others)
  A fungus (D:3)
1 creature vanquished.

Grand Total: 57 creatures vanquished

Notes
Turn   | Place    | Note
-------+----------+-------------------------------------------
     0 | D:1      | wolfsongas the Gargoyle Fighter began the quest for the Orb.
     0 | D:1      | Reached XP level 1. HP: 14/14 MP: 1/1
   228 | D:1      | Reached XP level 2. HP: 19/19 MP: 2/2
   588 | D:1      | Reached skill level 4 in Shields
   588 | D:1      | Reached XP level 3. HP: 4/23 MP: 3/3
  1422 | D:2      | Reached XP level 4. HP: 21/28 MP: 4/4
  1817 | D:3      | Noticed Robin
  1844 | D:3      | HP: 1/28 [hobgoblin/club[Robin] (3)]
  1849 | D:3      | Slain by a hobgoblin

Skill      XL: |  1  2 |
---------------+-------+-----
Shields        | 4 |  4.3
Fighting       | |  3.5
Maces & Flails | |  2.7
Armour         | |  3.8
Dodging        | |  0.1

Action                   |  1- 3 |  4- 6 || total
-------------------------+-------+-------++-------
Melee: Flail             |   151 |       ||   151
       Mace              |    30 |    47 ||    77
  Use: Potion            |     3 |     3 ||     6
       Scroll            |     4 |     2 ||     6
  Eat: Bread ration      |     2 |       ||     2
Armor: Plate armour      |   230 |       ||   230
       Scale mail        |     2 |       ||     2
       Ring mail         |    15 |    52 ||    67
Dodge: Dodged            |    45 |    28 ||    73
Block: Shield            |   168 |    54 ||   222
